Map: Acropolis LE

Players

Nigrnog

  • Race: Zerg Zerg
  • League: Silver
  • Spawn Location: 5:00

MooEsqoo - Winner!

  • Race: Protoss Protoss
  • Spawn Location: 11:00

VOD

Have the link to the VOD?

Description

Time

  • Played on: Dec. 11, 2019, 4:12 p.m.
  • Length: 12:08
Show
View Real Time Build Order
Export as new Build Order

Nigrnog Zerg 

Build Orders: Hatch First 

Get SALT Encoding   

  12  0:01  Drone  
  13  0:12  Overlord  
  13  0:20  Drone  
  14  0:36  Drone x3  
  17  0:57  Drone, Hatchery  
  17  1:12  Spawning Pool  
  17  1:15  Drone  
  17  1:20  Drone, Extractor  
  17  1:23  Drone  
  18  1:32  Drone  
  19  1:49  Drone  
  19  1:52  Overlord  
  20  1:59  Queen  
  22  2:09  Overlord  
  22  2:14  Queen  
  22  2:15  Drone  
  25  2:20  Zergling x2  
  26  2:25  Zergling x4  
  28  2:30  Metabolic Boost  
  28  2:41  Zergling x4  
  30  2:49  Drone  
  31  2:58  Hatchery  
  31  3:02  Drone x2  
  31  3:04  Zergling x4  
  34  3:11  Zergling x2  
  35  3:20  Lair  
  35  3:24  Drone x2  
  35  3:25  Drone x2  
  39  3:30  Overlord  
  39  3:36  Zergling x2  
  39  3:37  Zergling x4  
  42  3:44  Spore Crawler  
  42  3:46  Spore Crawler  
  40  3:49  Drone x2  
  33  4:29  Zergling x2  
  33  4:30  Zergling x14  
  33  4:31  Zergling x4  
  41  4:39  Queen  
  41  4:40  Drone x2  
  41  4:41  Drone  
  46  4:46  Zergling x4  
  48  4:55  Spire  
  48  4:56  Overlord x2  
  47  5:00  Spore Crawler  
  47  5:02  Spore Crawler  
  47  5:06  Spore Crawler  
  44  5:07  Spore Crawler  
  44  5:08  Drone x2  
  45  5:18  Drone x5  
  50  5:23  Overlord  
  50  5:44  Drone x3  
  50  5:49  Extractor  
  52  5:50  Extractor  
  52  5:53  Drone x3  
  52  5:54  Extractor  
  53  6:02  Infestation Pit  
  53  6:03  Zergling x10  
  53  6:04  Zergling x2  
  58  6:05  Overlord  
  58  6:09  Zerg Flyer Weapons Level 1  
  58  6:12  Drone x4  
  62  6:23  Drone  
  62  6:24  Drone x2  
  65  6:32  Drone x4  
  69  6:33  Drone x2  
  71  6:42  Drone x5  
  71  6:46  Queen  
  78  6:50  Drone x3  
  78  6:52  Drone  
  82  7:04  Overlord x3  
  82  7:21  Overlord  
  82  7:28  Overlord  
  82  7:29  Mutalisk x3  
  88  7:32  Mutalisk  
  90  7:55  Queen  
  90  7:56  Drone x4  
  90  7:57  Hatchery, Mutalisk x4  
  103  8:10  Zerg Flyer Armor Level 1  
  103  8:13  Mutalisk  
  103  8:14  Mutalisk  
  107  8:23  Extractor  
  107  8:25  Drone x4, Extractor  
  107  8:26  Drone  
  110  8:34  Mutalisk x2  
  114  8:44  Mutalisk  
  116  8:50  Mutalisk  
  118  9:07  Mutalisk  
  120  9:20  Mutalisk x2  
  124  9:28  Mutalisk  
  124  9:30  Zergling x4  
  128  9:32  Overlord x4  
  126  9:45  Overlord x2  
  126  9:46  Overlord x2  
  126  10:01  Zergling x6  
  126  10:02  Zergling x14  
  126  10:03  Zergling x4  
  138  10:13  Mutalisk x2  
  138  10:14  Mutalisk x3  
  138  10:15  Zergling x6  
  149  10:29  Mutalisk  
  151  10:54  Zergling x2  
  151  10:55  Zergling x16  
  151  10:56  Zergling x18  
  151  10:57  Zergling x6  
  168  11:15  Corruptor  
  168  11:16  Zergling x12  
  105  11:34  Zergling x12  
Show
View Real Time Build Order
Export as new Build Order

MooEsqoo Protoss - Winner!

Build Orders: 1 Gate Expand, Oracle Opening 

Get SALT Encoding   

  12  0:01  Probe  
  13  0:21  Probe  
  14  0:24  Pylon  
  14  0:41  Probe (Chrono Boost)  
  15  0:44  Gateway  
  15  0:50  Assimilator  
  15  0:53  Probe (Chrono Boost)  
  16  1:02  Probe (Chrono Boost)  
  17  1:07  Probe  
  18  1:24  Nexus  
  18  1:27  Probe  
  19  1:38  Cybernetics Core  
  19  1:55  Pylon  
  19  1:57  Probe  
  20  2:05  Assimilator  
  20  2:09  Probe  
  21  2:17  Zealot (Chrono Boost)  
  21  2:21  Probe  
  24  2:27  Warp Gate (Chrono Boost)  
  24  2:36  Probe x2  
  26  2:40  Adept  
  28  2:48  Probe x2  
  30  3:00  Pylon, Probe x2  
  32  3:07  Gateway  
  32  3:12  Stargate, Probe  
  33  3:14  Probe  
  34  3:23  Shield Battery  
  34  3:24  Probe  
  34  3:27  Stalker, Probe  
  38  3:38  Probe (Chrono Boost)  
  38  3:39  Probe (Chrono Boost)  
  40  3:51  Probe (Chrono Boost)  
  40  3:53  Oracle (Chrono Boost)  
  40  3:54  Probe (Chrono Boost)  
  42  3:56  Probe (Chrono Boost)  
  42  4:00  Probe  
  47  4:10  Stalker x2  
  47  4:34  Stalker  
  47  4:35  Stalker  
  51  4:39  Probe x2  
  53  4:51  Probe  
  54  5:29  Pylon  
  54  5:31  Pylon  
  54  5:33  Pylon  
  54  5:35  Pylon  
  54  5:38  Pylon  
  54  5:39  Gateway  
  54  5:41  Pylon, Gateway  
  54  5:47  Oracle, Probe x2  
  59  5:50  Twilight Council  
  59  5:53  Forge  
  59  5:59  Probe x2  
  59  6:02  Pylon  
  61  6:05  Pylon  
  61  6:07  Pylon  
  61  6:08  Assimilator  
  61  6:10  Assimilator  
  61  6:11  Probe x2  
  61  6:13  Stalker  
  61  6:14  Sentry  
  61  6:18  Charge (Chrono Boost)  
  67  6:21  Protoss Ground Weapons Level 1 (Chrono Boost)  
  67  6:25  Probe  
  67  6:26  Probe  
  69  6:37  Gateway  
  69  6:38  Probe x2  
  69  6:39  Gateway  
  71  6:42  Gateway  
  71  6:47  Gateway x2  
  71  6:49  Gateway  
  71  6:51  Robotics Facility  
  71  6:54  Pylon  
  71  6:57  Pylon  
  71  6:59  Pylon  
  71  7:02  Pylon  
  71  7:04  Probe  
  71  7:05  Probe  
  73  7:12  Stalker x2  
  73  7:13  Stalker x2  
  81  7:17  Probe x2  
  83  7:23  Pylon  
  83  7:25  Pylon  
  83  7:32  Nexus  
  83  7:36  Assimilator  
  83  7:38  Assimilator  
  83  7:44  Shield Battery  
  83  7:45  Shield Battery  
  83  7:46  Photon Cannon  
  83  7:47  Photon Cannon  
  83  7:52  Shield Battery  
  83  7:57  Probe x2  
  85  7:59  Void Ray  
  85  8:03  Zealot x2  
  85  8:04  Zealot x2  
  97  8:09  Probe x2  
  99  8:15  Protoss Ground Weapons Level 2 (Chrono Boost), Templar Archives  
  99  8:18  Warp Prism (Chrono Boost)  
  101  8:35  Probe x2  
  103  8:47  Probe x2  
  105  9:00  Probe x2  
  105  9:01  Probe  
  108  9:03  High Templar x3  
  108  9:04  High Templar x2  
  108  9:08  Stalker x2  
  122  9:12  Probe  
  122  9:13  Probe x2  
  122  9:15  Archon x2  
  125  9:24  Probe  
  125  9:25  Probe x2  
  128  9:50  Pylon  
  128  9:54  Pylon  
  128  9:55  Pylon  
  128  9:58  Stalker  
  128  9:59  Pylon  
  126  10:00  Stalker  
  126  10:01  Stalker x4  
  126  10:02  Stalker x4  
  127  10:17  Probe x3  
  130  10:29  Probe x3  
  133  10:48  High Templar x5  
  143  10:50  Zealot x3  
  143  10:51  Zealot x2  
  143  10:53  Archon x2  
  143  10:55  Archon  
  131  11:21  Zealot x5  
  131  11:22  Zealot x5  
  145  11:34  Probe x3  
  148  11:46  Probe x3  
  151  11:53  High Templar x4  
  159  11:54  Zealot  
  159  11:55  Zealot x4  
  159  11:56  Zealot  
Tags
 
Add a new tag
Caveats
  • Supply blocks, unpowered buildings, or Contaminate may cause inaccurate times.
  • Supply counts are checked every 10 seconds.